DBL
BOSTON RED SOX @ ORLANDO DEVIL RAYS
04/12/1997
 
TOP OF THE 1ST
Boston Red Sox batting - Pitching for Orlando Devil Rays : RHP Joe Johnson
Pitching: RHP Joe Johnson
Batting: RHB Edgar Renteria 0-0: Foul Ball, location: 2F
0-1: Ball
1-1: Ball
2-1: Ball
3-1: Swinging Strike
3-2: Ground out 1-3 (Groundball, 34S, EV 83.8 MPH)
Batting: RHB Scott Fletcher 0-0: Swinging Strike
0-1: Ball
1-1: DOUBLE (Line Drive, 78D, EV 106.9 MPH)
Batting: LHB Barry Bonds 0-0: Ball
1-0: Called Strike
1-1: Foul Ball, location: 2F
1-2: Fly out, F6 (Popup, 6D, EV 44.4 MPH)
Batting: RHB Danny Tartabull 0-0: Called Strike
0-1: Foul Ball, location: 2F
0-2: Foul Ball, location: 2F
0-2: Ball
1-2: Strikes out swinging
Top of the 1st over - 0 runs, 1 hit, 0 errors, 1 left on base; Boston 0 - Orlando 0
BOTTOM OF THE 1ST
Orlando Devil Rays batting - Pitching for Boston Red Sox : RHP Ron Robinson
Pitching: RHP Ron Robinson
Batting: RHB Craig Biggio 0-0: Ball
1-0: Ball
2-0: Swinging Strike
2-1: Fly out, F3 (Popup, 3SF, EV 87.5 MPH)
Batting: RHB Tim Salmon 0-0: Called Strike
0-1: SOLO HOME RUN (Flyball, 89XD, EV 108.1 MPH), Distance : 417 ft
Batting: RHB Ron Gant 0-0: Fly out, F8 (Flyball, 8LS, EV 91.9 MPH)
Batting: RHB Jeff Bagwell 0-0: Called Strike
0-1: Foul Ball, location: 2F
0-2: Ball
1-2: Strikes out swinging
Bottom of the 1st over - 1 run, 1 hit, 0 errors, 0 left on base; Boston 0 - Orlando 1
TOP OF THE 2ND
Boston Red Sox batting - Pitching for Orlando Devil Rays : RHP Joe Johnson
Batting: LHB Todd Hollandsworth 0-0: Ball
1-0: Called Strike
1-1: Ball
2-1: Swinging Strike
2-2: Ground out U3 (Groundball, 34, EV 81.3 MPH)
Batting: LHB Lee Stevens 0-0: Foul Ball, location: 2F
0-1: Called Strike
0-2: Foul Ball, location: 2F
0-2: Strikes out looking
Batting: RHB Mike Cameron 0-0: Foul Ball, location: 2F
0-1: Foul Ball, location: 2F
0-2: Foul Ball, location: 2F
0-2: Strikes out looking
Top of the 2nd over - 0 runs, 0 hits, 0 errors, 0 left on base; Boston 0 - Orlando 1
BOTTOM OF THE 2ND
Orlando Devil Rays batting - Pitching for Boston Red Sox : RHP Ron Robinson
Batting: LHB Paul O'Neill 0-0: Ball
1-0: Foul Ball, location: 2F
1-1: Ball
2-1: Foul Ball, location: 2F
2-2: Foul Ball, location: 2F
2-2: Ball
3-2: Base on Balls
Batting: RHB Brian Jordan 0-0: Ball
1-0: Ball
2-0: Fly out, F7 (Line Drive, 7, EV 97.5 MPH)
Batting: SHB Jose Valentin 0-0: Called Strike
0-1: Called Strike
0-2: Strikes out looking
Batting: RHB Ivan Rodriguez 0-0: Ball
1-0: DOUBLE (Flyball, 8LXD, EV 108.1 MPH)
Paul O'Neill to third
Batting: SHB Jose Oquendo 0-0: Ball
1-0: Ground out 5-3 (Groundball, 56S, EV 81.3 MPH)
Bottom of the 2nd over - 0 runs, 1 hit, 0 errors, 2 left on base; Boston 0 - Orlando 1
TOP OF THE 3RD
Boston Red Sox batting - Pitching for Orlando Devil Rays : RHP Joe Johnson
Batting: RHB Mike Stanley 0-0: Fly out, F9 (Flyball, 9S, EV 88.1 MPH)
Batting: RHB Tim Bogar 0-0: Ball
1-0: Fly out, F1 (Line Drive, P, EV 65.0 MPH)
Batting: RHB Edgar Renteria 0-0: Ground out 4-3 (Groundball, 4, EV 83.8 MPH)
Top of the 3rd over - 0 runs, 0 hits, 0 errors, 0 left on base; Boston 0 - Orlando 1
BOTTOM OF THE 3RD
Orlando Devil Rays batting - Pitching for Boston Red Sox : RHP Ron Robinson
Batting: RHB Craig Biggio 0-0: Called Strike
0-1: Ground out 6-3 (Groundball, 6M, EV 102.5 MPH)
Batting: RHB Tim Salmon 0-0: Ball
1-0: Called Strike
1-1: Called Strike
1-2: Strikes out swinging
Batting: RHB Ron Gant 0-0: Ball
1-0: Foul Ball, location: 2F
1-1: Ball
2-1: Ground out 6-3 (Groundball, 6, EV 102.5 MPH)
Bottom of the 3rd over - 0 runs, 0 hits, 0 errors, 0 left on base; Boston 0 - Orlando 1
TOP OF THE 4TH
Boston Red Sox batting - Pitching for Orlando Devil Rays : RHP Joe Johnson
Batting: RHB Scott Fletcher 0-0: Called Strike
0-1: Foul Ball, location: 2F
0-2: Ball
1-2: Ball
2-2: Foul Ball, location: 2F
2-2: Foul Ball, location: 2F
2-2: Ground out 6-3 (Groundball, 6, EV 101.9 MPH)
Batting: LHB Barry Bonds 0-0: Ball
1-0: Ball
2-0: Foul Ball, location: 2F
2-1: Foul Ball, location: 2F
2-2: Ball
3-2: Ground out U3 (Groundball, 3, EV 76.3 MPH)
Batting: RHB Danny Tartabull 0-0: Called Strike
0-1: Foul Ball, location: 2F
0-2: Ground out 1-3 (Groundball, 25, EV 81.3 MPH)
Top of the 4th over - 0 runs, 0 hits, 0 errors, 0 left on base; Boston 0 - Orlando 1
BOTTOM OF THE 4TH
Orlando Devil Rays batting - Pitching for Boston Red Sox : RHP Ron Robinson
Batting: RHB Jeff Bagwell 0-0: Called Strike
0-1: Foul Ball, location: 2F
0-2: Ball
1-2: Ball
2-2: Strikes out looking
Batting: LHB Paul O'Neill 0-0: Ball
1-0: Called Strike
1-1: Fly out, F8 (Flyball, 8RS, EV 86.9 MPH)
Batting: RHB Brian Jordan 0-0: Called Strike
0-1: Ground out 6-3 (Groundball, 6D, EV 106.3 MPH)
Bottom of the 4th over - 0 runs, 0 hits, 0 errors, 0 left on base; Boston 0 - Orlando 1
TOP OF THE 5TH
Boston Red Sox batting - Pitching for Orlando Devil Rays : RHP Joe Johnson
Batting: LHB Todd Hollandsworth 0-0: Called Strike
0-1: Foul Ball, location: 2F
0-2: SINGLE (Groundball, 34D, EV 100.0 MPH)
Batting: LHB Lee Stevens 0-0: Called Strike
0-1: Ball
Todd Hollandsworth is caught stealing 2nd base 2-6
1-1: Foul Ball, location: 2F
1-2: Foul Ball, location: 2F
1-2: SOLO HOME RUN (Flyball, 9D, EV 104.4 MPH), Distance : 368 ft
Batting: RHB Mike Cameron 0-0: Swinging Strike
0-1: Ball
1-1: Foul Ball, location: 2F
1-2: Strikes out looking
Batting: RHB Mike Stanley 0-0: Called Strike
0-1: Ball
1-1: Called Strike
1-2: Ball
2-2: Strikes out swinging
Top of the 5th over - 1 run, 2 hits, 0 errors, 0 left on base; Boston 1 - Orlando 1
BOTTOM OF THE 5TH
Orlando Devil Rays batting - Pitching for Boston Red Sox : RHP Ron Robinson
Batting: SHB Jose Valentin 0-0: Called Strike
0-1: Swinging Strike
0-2: Strikes out looking
Batting: RHB Ivan Rodriguez 0-0: Called Strike
0-1: Ball
1-1: Called Strike
1-2: Ball
2-2: Strikes out looking
Batting: SHB Jose Oquendo 0-0: Ball
1-0: SINGLE (Groundball, 6, EV 77.5 MPH) (infield hit)
Batting: RHB Craig Biggio 0-0: Ball
1-0: Ball
2-0: Ball
3-0: Base on Balls
Jose Oquendo to second
Batting: RHB Tim Salmon 0-0: Ball
1-0: Ball
Passed Ball!
Jose Oquendo to third
Craig Biggio to second
2-0: Foul Ball, location: 2F
2-1: Swinging Strike
2-2: Ball
3-2: Strikes out swinging
Bottom of the 5th over - 0 runs, 1 hit, 0 errors, 2 left on base; Boston 1 - Orlando 1
TOP OF THE 6TH
Boston Red Sox batting - Pitching for Orlando Devil Rays : RHP Joe Johnson
Batting: RHB Tim Bogar 0-0: Fly out, F3 (Line Drive, 3, EV 68.8 MPH)
Batting: RHB Edgar Renteria 0-0: Ball
1-0: Called Strike
1-1: Ground out 6-3 (Groundball, 6M, EV 96.9 MPH)
Batting: RHB Scott Fletcher 0-0: Called Strike
0-1: Ball
1-1: Swinging Strike
1-2: Strikes out looking
Top of the 6th over - 0 runs, 0 hits, 0 errors, 0 left on base; Boston 1 - Orlando 1
BOTTOM OF THE 6TH
Orlando Devil Rays batting - Pitching for Boston Red Sox : RHP Ron Robinson
Batting: RHB Ron Gant 0-0: SINGLE (Groundball, 6D, EV 101.9 MPH)
Batting: RHB Jeff Bagwell 0-0: Ball
Ron Gant steals 2nd base
1-0: Swinging Strike
1-1: Fly out, F8 (Flyball, 8RXD, EV 98.8 MPH)
Runner from 2nd tags up, SAFE at 3rd, no throw by CF
Batting: LHB Paul O'Neill 0-0: Foul Ball, location: 2F
0-1: Swinging Strike
0-2: Strikes out swinging
Batting: RHB Brian Jordan 0-0: Ball
1-0: Ball
2-0: Swinging Strike
2-1: Ground out 1-3 (Groundball, 13, EV 66.3 MPH)
Bottom of the 6th over - 0 runs, 1 hit, 0 errors, 1 left on base; Boston 1 - Orlando 1
TOP OF THE 7TH
Boston Red Sox batting - Pitching for Orlando Devil Rays : RHP Joe Johnson
Batting: LHB Barry Bonds 0-0: Swinging Strike
0-1: Fly out, F7 (Flyball, 78XD, EV 88.1 MPH)
Batting: RHB Danny Tartabull 0-0: Swinging Strike
0-1: Called Strike
0-2: Foul Ball, location: 2F
0-2: Foul Ball, location: 2F
0-2: Ball
1-2: Strikes out swinging
Batting: LHB Todd Hollandsworth 0-0: Foul Ball, location: 2F
0-1: Ball
1-1: Ball
2-1: Foul Ball, location: 2F
2-2: Ball
3-2: Foul Ball, location: 2F
3-2: Foul Ball, location: 2F
3-2: Fly out, F7 (Flyball, 7LD, EV 93.8 MPH)
Top of the 7th over - 0 runs, 0 hits, 0 errors, 0 left on base; Boston 1 - Orlando 1
BOTTOM OF THE 7TH
Orlando Devil Rays batting - Pitching for Boston Red Sox : RHP Ron Robinson
Batting: SHB Jose Valentin 0-0: Ball
1-0: Called Strike
1-1: Called Strike
1-2: Fly out, F7 (Flyball, 78S, EV 88.1 MPH)
Batting: RHB Ivan Rodriguez 0-0: Ball
1-0: Ball
2-0: Ball
3-0: Called Strike
3-1: Called Strike
3-2: Foul Ball, location: 2F
SINGLE.
Batting: SHB Jose Oquendo 0-0: Ball
1-0: Swinging Strike
1-1: Fielders Choice at 2nd, 4-6 (Groundball, 4M, EV 83.8 MPH)
Batting: RHB Craig Biggio 0-0: Ball
Jose Oquendo steals 2nd base
1-0: Fly out, F6 (Flyball, 6MD, EV 75.6 MPH)
Bottom of the 7th over - 0 runs, 1 hit, 0 errors, 1 left on base; Boston 1 - Orlando 1
TOP OF THE 8TH
Boston Red Sox batting - Pitching for Orlando Devil Rays : RHP Joe Johnson
Batting: LHB Lee Stevens 0-0: Ball
1-0: Foul Ball, location: 2F
1-1: Fly out, F7 (Flyball, 78S, EV 83.1 MPH)
Batting: RHB Mike Cameron 0-0: Ball
1-0: Foul Ball, location: 2F
1-1: Ball
2-1: Foul Ball, location: 2F
2-2: Foul Ball, location: 2F
2-2: Ball
3-2: Ground out 5-3 (Groundball, 56, EV 103.1 MPH)
Batting: RHB Mike Stanley 0-0: Ball
1-0: Ground out 6-3 (Groundball, 56D, EV 97.5 MPH)
Top of the 8th over - 0 runs, 0 hits, 0 errors, 0 left on base; Boston 1 - Orlando 1
BOTTOM OF THE 8TH
Orlando Devil Rays batting - Pitching for Boston Red Sox : RHP Ron Robinson
Batting: RHB Tim Salmon 0-0: Ball
1-0: Called Strike
1-1: Ball
2-1: Swinging Strike
2-2: Strikes out looking
Batting: RHB Ron Gant 0-0: Ball
1-0: Called Strike
1-1: Ball
2-1: Ball
3-1: Swinging Strike
3-2: Strikes out swinging
Batting: RHB Jeff Bagwell 0-0: Foul Ball, location: 2F
0-1: Ground out 1-3 (Groundball, P, EV 87.5 MPH)
Bottom of the 8th over - 0 runs, 0 hits, 0 errors, 0 left on base; Boston 1 - Orlando 1
TOP OF THE 9TH
Boston Red Sox batting - Pitching for Orlando Devil Rays : RHP Joe Johnson
Batting: RHB Tim Bogar 0-0: Ball
1-0: Fly out, F9 (Flyball, 9LD, EV 84.4 MPH)
Batting: RHB Edgar Renteria 0-0: Ball
1-0: Ball
2-0: Foul Ball, location: 2F
2-1: Ball
3-1: Foul Ball, location: 2F
3-2: Strikes out swinging
Batting: RHB Scott Fletcher 0-0: Ball
1-0: Called Strike
1-1: Ground out 5-3 (Groundball, 56, EV 85.6 MPH)
Top of the 9th over - 0 runs, 0 hits, 0 errors, 0 left on base; Boston 1 - Orlando 1
BOTTOM OF THE 9TH
Orlando Devil Rays batting - Pitching for Boston Red Sox : RHP Ron Robinson
Batting: LHB Paul O'Neill 0-0: Foul Ball, location: 2F
0-1: Foul Ball, location: 2F
0-2: Ball
1-2: Ball
2-2: Foul Ball, location: 2F
2-2: Ball
3-2: Foul Ball, location: 2F
3-2: Fly out, F9 (Flyball, 9D, EV 104.4 MPH)
Batting: RHB Brian Jordan 0-0: SINGLE (Flyball, 9LS, EV 88.1 MPH)
Pitching: RHP Doug Bochtler
Batting: SHB Jose Valentin 0-0: Bunt missed!
0-1: Bunt missed!
0-2: Ball
1-2: Fly out, F8 (Flyball, 8RS, EV 94.4 MPH)
Batting: RHB Ivan Rodriguez 0-0: Ball
1-0: Swinging Strike
1-1: Ball
2-1: Ball
3-1: Called Strike
3-2: Foul Ball, location: 2F
3-2: SINGLE (Line Drive, 9LS, EV 106.9 MPH)
Brian Jordan to second
Brian Jordan to third
Pinch Hitting: SHB Greg Norton 0-0: SINGLE (Groundball, 34D, EV 97.5 MPH)
Brian Jordan scores
Monday, January 26th, 2026 - OOTP Baseball 20.8 Build 74